 Dungeon Crawl Stone Soup version 0.27.1-1-g398f81649c (webtiles) character file.

Game seed: 18028243269076261204

214 speeev33 the Skirmisher (level 5, -5/41 (47) HPs)
             Began as a Hill Orc Fighter on Sept 12, 2021.
             Slain by Edmund (10 damage)
             ... on level 4 of the Dungeon.
             The game lasted 00:03:32 (2602 turns).

speeev33 the Skirmisher (Hill Orc Fighter)          Turns: 2602, Time: 00:03:33

HP:   -5/41 (47)    AC:  8    Str: 20    XL:     5   Next: 91%
MP:   5/5           EV:  7    Int:  8    God:
Gold: 204           SH:  9    Dex: 10    Spells: 4/4 levels left

rFire    . . .     SeeInvis .   a - +0 war axe
rCold    . . .     Faith    .   c - +0 kite shield
rNeg     . . .     Spirit   .   b - +0 scale mail
rPois    .         Reflect  .   h - +0 helmet
rElec    .         Harm     .   (no cloak)
rCorr    .         Rampage  .   (no gloves)
Will     .....                  (no boots)
Stlth    ..........             (no amulet)
HPRegen  0.13/turn              (no ring)
MPRegen  0.09/turn              (no ring)

@: mighty, heavily drained
A: no striking features
a: no special abilities


You were on level 4 of the Dungeon.
You visited 1 branch of the dungeon, and saw 4 of its levels.

You collected 204 gold pieces.

Inventory:

Hand Weapons
 a - a +0 war axe (weapon)
Missiles
 e - 2 throwing nets (quivered)
Armour
 b - a +0 scale mail (worn)
 c - a +0 kite shield (worn)
 h - a +0 helmet (worn)
Scrolls
 f - a scroll of teleportation
 i - a scroll of noise
Potions
 d - a potion of might
 g - 3 potions of curing
 j - a potion of heal wounds {unknown}


   Skills:
 + Level 4.9 Fighting
 + Level 4.5 Axes
 + Level 4.4 Armour
 + Level 4.5 Shields


You had 4 spell levels left.
You didn't know any spells.
Your spell library contained the following spells:

 Spells                   Type           Power      Damage    Failure   Level
 Gell's Gravitas          Tloc           0%         N/A       100%        3
 Lesser Beckoning         Tloc           0%         N/A       100%        3
 Teleport Other           Tloc           0%         N/A       100%        3


Dungeon Overview and Level Annotations

Branches:
Dungeon (4/15)
 Temple: D:4-7

Altars:
Kikubaaqudgha
Yredelemnul

Annotations:
D:3 2 transporters, Menkaure
D:4 Edmund


Message History

You block the bullfrog's attack. You block Edmund's attack.
You hit Edmund.
Edmund is lightly wounded.
You closely miss the bullfrog. The bullfrog hits you.
Edmund hits you with a +1 dire flail of draining!
You feel drained. The bullfrog barely misses you.
You hit Edmund.
Edmund is moderately wounded.
You closely miss the bullfrog. You block the bullfrog's attack.
Edmund hits you with a +1 dire flail of draining.
You feel drained. The bullfrog barely misses you. You block Edmund's attack.
You slash Edmund!
Edmund is heavily wounded.
You closely miss the bullfrog. You block the bullfrog's attack.
The bullfrog hits you but does no damage.
Edmund hits you with a +1 dire flail of draining.
You feel drained.
The bullfrog hits you but does no damage.
You hit Edmund.
Edmund is severely wounded.
You hit the bullfrog.
The bullfrog hits you but does no damage.
Edmund hits you with a +1 dire flail of draining.
You feel drained. The bullfrog barely misses you.
Edmund hits you with a +1 dire flail of draining.
You feel drained.
You barely miss Edmund.
Edmund is severely wounded.
You slash the bullfrog!
You kill the bullfrog!
Edmund hits you with a +1 dire flail of draining!
* * * LOW HITPOINT WARNING * * *
You feel drained.
* * * LOW HITPOINT WARNING * * *
You slash Edmund!
Edmund is almost dead.
You barely miss the kobold.
Edmund says, "People think my brother is the best.
I think he's crazy."
Edmund hits you with a +1 dire flail of draining!
You die...

. .#
##+#######.###
##...#.........
#......<<......
...............
...!.##...###..
.... #@#.# ..(
#@K.#
.......###...#
#....#. .#.#
##.. .. #. .#
## ### #.


You could see Edmund and a kobold.

Vanquished Creatures
  A bullfrog (D:4)
  2 orc wizards (D:3)
  4 adders
  2 worms
  3 orcs (D:3)
  3 endoplasms
  6 giant cockroaches
  8 hobgoblins
  7 kobolds
  3 quokkas
  8 ball pythons
  3 bats (D:1)
  A frilled lizard (D:3)
  4 goblins
  4 rats (D:1)
59 creatures vanquished.

Vanquished Creatures (others)
  A fungus (D:3)
  A plant (D:3)
2 creatures vanquished.

Grand Total: 61 creatures vanquished

Notes
Turn   | Place    | Note
-------+----------+-------------------------------------------
     0 | D:1      | speeev33 the Hill Orc Fighter began the quest for the Orb.
     0 | D:1      | Reached XP level 1. HP: 19/19 MP: 1/1
   325 | D:1      | Reached XP level 2. HP: 27/27 MP: 2/2
   961 | D:2      | Reached XP level 3. HP: 33/33 MP: 3/3
  1773 | D:3      | Noticed Menkaure
  1773 | D:3      | Found an ancient bone altar of Kikubaaqudgha.
  1773 | D:3      | Found a basalt altar of Yredelemnul.
  1777 | D:3      | Reached XP level 4. HP: 40/40 MP: 4/4
  1819 | D:3      | Reached XP level 5. HP: 17/47 MP: 5/5
  2031 | D:3      | Found a transporter.
  2033 | D:3      | Found a transporter.
  2415 | D:3      | Found a faded altar of an unknown god.
  2589 | D:4      | Noticed Edmund
  2595 | D:4      | Noticed a black bear
  2602 | D:4      | Slain by Edmund

Illustrated notes

Levels and vault maps discovered:
D:1:      dpeg_arrival_arbitrary_c, layout_loops_corners
D:2:      layout_basic
D:3:      layout_rooms, gammafunk_temple_of_torment,
          shapermc_ecumenical_altar_mp_urbaneastern,
          chequers_serial_rivers_micro_b
D:4:      layout_loops_corners, hangedman_decor_clover_reticule,
          minmay_starry_boxes, uniq_edmund

Skill      XL: |  1  2  3  4 |
---------------+-------------+-----
Axes           | 3 4 |  4.5
Fighting       | 4 |  4.9
Shields        | 4 |  4.5
Armour         | 4 |  4.4

Action                   |  1- 3 |  4- 6 || total
-------------------------+-------+-------++-------
Melee: War axe           |   114 |    92 ||   206
  Use: Scroll            |     6 |     2 ||     8
       Potion            |       |     1 ||     1
Armor: Scale mail        |    76 |    72 ||   148
Dodge: Dodged            |    44 |    34 ||    78
Block: Kite shield       |    82 |    49 ||   131
